 Dungeon Crawl Stone Soup version 0.29-a0-721-g7f417c9bbb (webtiles) character file.

Game seed: 15940361414769387108

30 Mgcat the Trooper (level 3, -4/40 HPs)
             Began as an Ogre Fighter on June 27, 2022.
             Slain by Sigmund
             ... wielding a +0 scythe
              (6 damage)
             ... on level 2 of the Dungeon.
             The game lasted 00:01:06 (667 turns).

Mgcat the Trooper (Ogre Fighter)                     Turns: 667, Time: 00:01:07

Health: -4/40      AC:  3    Str: 22    XL:     3   Next: 18%
Magic:  3/3        EV:  8    Int:  9    God:
Gold:   61         SH:  0    Dex:  8    Spells: 2/2 levels left

rFire   . . .      SeeInvis .   a - +0 war axe
rCold   . . .      Faith    .   c - +0 kite shield
rNeg    . . .      Spirit   .   b - +0 robe
rPois   .          Reflect  .   (helmet restricted)
rElec   .          Harm     .   (no cloak)
rCorr   .          Rampage  .   (gloves unavailable)
Will    .....                   (boots unavailable)
Stlth   +.........              (no amulet)
HPRegen 0.13/turn               (no ring)
MPRegen 0.08/turn               (no ring)

@: confused, mighty
A: large, unfitting armour, tough skin 1
a: no special abilities


You were on level 2 of the Dungeon.
You visited 1 branch of the dungeon, and saw 2 of its levels.

You collected 61 gold pieces.

Inventory:

Hand Weapons
 a - a +0 war axe (weapon)
Armour
 b - a +0 robe (worn)
 c - a +0 kite shield (worn)
Scrolls
 e - a scroll of fog {unknown}
 f - 3 scrolls of identify {unknown}
 g - 2 scrolls of teleportation {unknown}
 h - a scroll of immolation {unknown}
 i - 3 scrolls of silence {unknown}


   Skills:
 + Level 4.3 Fighting
 * Level 2.7 Axes
 + Level 2.9 Dodging
 + Level 3.2 Shields


You had 2 spell levels left.
You didn't know any spells.
Your spell library was empty.

Dungeon Overview and Level Annotations

Branches:
Dungeon (2/15)

Altars:

Annotations:
D:2 Sigmund


Innate Abilities, Weirdness & Mutations

You are too large for most types of armour.
You have tough skin. (AC +1)


Message History

You miss the bat. The bat hits you. The bat hits you but does no damage. x2
You take 1 damage, and have 39/40 hp.
You hit the bat.
You kill the bat!
No target in view!
No target in view!
You see here a bat corpse.
There is an open door here.
You open the door.
There is an open door here.
There is an open door here.
An endoplasm comes into view.
Health restored: 40 An endoplasm is nearby!
A bat comes into view.
The endoplasm quivers.
You block the bat's attack. The endoplasm barely misses you.
You hit the endoplasm.
The endoplasm is severely wounded.
You completely miss the bat. The bat barely misses you.
The endoplasm freezes you.
You are frozen.
You take 2 damage, and have 38/40 hp.
You slash the endoplasm!
You kill the endoplasm!
You barely miss the bat. You block the bat's attack.
The bat closely misses you.
You barely miss the bat. You block the bat's attack.
The bat hits you but does no damage.
You miss the bat. You block the bat's attack. x2
You slash the bat!
You kill the bat!
No target in view!
No target in view!
You now have 61 gold pieces (gained 10).
Done exploring.
Health restored: 40 Saving game... please wait.
Options error: Bad object type '%}\|' for autopickup. (~/.crawlrc:1972) Bad channel name for runrest: 'Jiyva says: Divide and consume' Welcome back, Mgcat the Ogre Fighter.
Press ? for a list of commands and other information.
Done exploring.
Done exploring.
Done exploring.
Done exploring.
Done exploring.
Done exploring.
Done exploring.
Done exploring.
Done exploring.
Done exploring.
Search for what [? for help]? .
Unknown command.
Unknown command.
(D) Dungeon
Where to? (? - help)
What level of the Dungeon? (default 1, ? - help)
There is a stone staircase leading down here.
You climb downwards.
There is a stone staircase leading up here.
Saving game... please wait.
Options error: Bad object type '%}\|' for autopickup. (~/.crawlrc:1972) Bad channel name for runrest: 'Jiyva says: Divide and consume' Welcome back, Mgcat the Ogre Fighter.
Press ? for a list of commands and other information.
Found a glowing spear.
Sigmund the Dreaded comes into view.
He is wielding a +0 scythe and wearing a +2 robe of the Archmagi.
Sigmund shouts!
Sigmund mumbles some strange words.
Sigmund flickers and vanishes!
Deactivating autopickup; reactivate with Ctrl-A.
Unknown command.
Unknown command.
Unknown command.
Sorry, you're not good enough to have a special ability.
You feel very mighty all of a sudden.
You barely miss something. Something hits you but does no damage.
You miss something. Something hits you!
You take 11 damage, and have 29/40 hp.
MASSIVE DAMAGE!!
You barely miss something. Something hits you but does no damage.
You closely miss something. Something hits you.
You take 5 damage, and have 24/40 hp.
You slash something! Something hits you!
You take 9 damage, and have 15/40 hp.
MASSIVE DAMAGE!!
You hit something. Something hits you but does no damage.
You miss something. Something hits you!
* * * LOW HITPOINT WARNING * * *
You take 10 damage, and have 5/40 hp.
MASSIVE DAMAGE!!
You miss something. Something hits you.
* * * LOW HITPOINT WARNING * * *
You take 2 damage, and have 3/40 hp.
You hit something. Something hits you.
* * * LOW HITPOINT WARNING * * *
You take 1 damage, and have 2/40 hp.
You miss something.
You hear some strange, mumbled words.
You are confused.
You barely miss something. Something hits you.
You die...

#.#..######.#
#.#....<....#
#.##.##.########
#.##.##(........
#.##.##########.
#...........)
####.###...##
#..#.# .# #.@.#
#{###
#.....{....#
####.####### #.#
..# ###


There were no monsters in sight!

Vanquished Creatures
  A dart slug (D:1)
  2 ball pythons (D:1)
  5 bats (D:1)
  6 endoplasms (D:1)
  3 giant cockroaches (D:1)
  A goblin (D:1)
  A hobgoblin (D:1)
  A kobold (D:1)
  A frilled lizard (D:1)
  3 rats (D:1)
24 creatures vanquished.

Notes
Turn   | Place    | Note
-------+----------+-------------------------------------------
     0 | D:1      | Mgcat the Ogre Fighter began the quest for the Orb.
     0 | D:1      | Reached XP level 1. HP: 24/24 MP: 1/1
    26 | D:1      | Reached XP level 2. HP: 27/32 MP: 2/2
    56 | D:1      | Found a faded altar of an unknown god.
   367 | D:1      | Reached XP level 3. HP: 25/40 MP: 3/3
   654 | D:2      | Noticed Sigmund
   663 | D:2      | HP: 5/40 [something (11)]
   665 | D:2      | HP: 2/40 [something (1)]
   667 | D:2      | Slain by Sigmund

Illustrated notes

Levels and vault maps discovered:
D:1:      shiori_arrival_maze, layout_rooms, dreamdust_ecumenical_altar_statues,
          feat_on_display
D:2:      minmay_spotlight, layout_basic, uniq_sigmund

Action                   || total
-------------------------++-------
Melee: War axe           ||    68
  Use: Potion            ||     1
Armor: Robe              ||    28
Dodge: Dodged            ||    22
Block: Kite shield       ||    28

Table legend: (Time is in decaauts)
 A = Elapsed time spent in this place.
 B = Non-inter-level travel time spent in this place.
 C = Inter-level travel time spent in this place.
 D = Time resting spent in this place.
 E = Time spent auto-exploring this place.
 F = Levels seen in this place.
 G = Mean time per level.
                   A        B        C        D        E       F      G
               +--------+--------+--------+--------+--------+-----+--------+
         Total |    701 |    682 |     19 |      0 |    508 |   2 |  350.5 |
       Dungeon |    701 |    682 |     19 |      0 |    508 |   2 |  350.5 |
               +--------+--------+--------+--------+--------+-----+--------+

Top non-repeatable levels by time:
     D:1: 658 daAuts
     D:2: 42 daAuts

Table legend:
 A = Kills in this place as a percentage of kills in entire the game.
 B = Kills by you in this place as a percentage of kills by you in the entire game.
 C = Kills by friends in this place as a percentage of kills by friends in the entire game.
 D = Other kills in this place as a percentage of other kills in the entire game.
 E = Experience gained in this place as a percentage of experience gained in the entire game.
 F = Experience gained in this place divided by the number of levels of this place that you have seen.
                   A       B       C       D       E      F
               +-------+-------+-------+-------+-------+----------------------
         Total | 100.0 | 100.0 |   N/A |   N/A | 100.0 |  21.5
       Dungeon | 100.0 | 100.0 |   N/A |   N/A | 100.0 |  21.5
               +-------+-------+-------+-------+-------+----------------------
